Map: Orbital Shipyard

Players

CMStormPolt (Polt) - Winner!

  • Race: Terran Terran
  • League: Grandmaster

Bowman

  • Race: Protoss Protoss
  • League: Grandmaster

VOD

https://www.youtube.com/watch?v=4in368fruHk

Description

Time

  • Played on: Feb. 3, 2016, 11:27 a.m.
  • Length: 9:50
Show
View Real Time Build Order
Export as new Build Order

CMStormPolt Terran - Winner!

Build Orders: Reaper Expand, MMM Bio 

Get SALT Encoding   

  12  0:00  SCV  
  13  0:13  SCV  
  14  0:18  Supply Depot  
  14  0:25  SCV  
  15  0:40  SCV  
  15  0:41  Barracks  
  16  0:44  Refinery  
  16  0:52  SCV  
  17  1:04  SCV  
  18  1:16  SCV  
  19  1:28  Orbital Command  
  19  1:29  Reaper  
  20  1:39  Command Center  
  20  1:53  Supply Depot  
  20  1:55  SCV  
  21  2:02  Barracks Reactor  
  21  2:07  SCV  
  22  2:10  Barracks  
  22  2:18  Barracks  
  22  2:19  SCV  
  23  2:32  SCV  
  24  2:39  Marine x2  
  24  2:44  SCV  
  27  2:50  Orbital Command  
  27  2:56  SCV  
  27  2:57  Marine x2  
  27  2:58  Barracks Tech Lab  
  30  3:05  Marine  
  31  3:08  SCV  
  32  3:15  Marine x2  
  32  3:18  Stimpack, Engineering Bay  
  32  3:19  Supply Depot, SCV  
  35  3:20  SCV  
  35  3:22  Marauder  
  38  3:28  Marine  
  38  3:32  Marine x2  
  41  3:35  SCV x2  
  41  3:40  Supply Depot  
  43  3:44  Missile Turret  
  43  3:46  Marauder  
  43  3:47  Marine  
  46  3:49  SCV  
  46  3:50  Marine x2, SCV  
  46  3:55  Missile Turret  
  50  4:01  SCV  
  50  4:02  SCV  
  52  4:04  Factory  
  51  4:10  Marine x3, Marauder  
  51  4:15  SCV x2  
  58  4:20  Refinery  
  58  4:24  Refinery  
  56  4:36  SCV  
  62  4:38  Supply Depot  
  62  4:40  SCV  
  62  4:41  Barracks Reactor  
  62  4:42  Marine x2  
  60  4:49  SCV  
  61  4:53  SCV  
  61  4:54  Barracks  
  61  4:55  Barracks  
  61  4:57  Starport  
  62  5:00  Factory Reactor  
  62  5:01  SCV  
  62  5:05  SCV  
  62  5:06  Marine x2, Marauder  
  68  5:10  Refinery  
  68  5:13  Supply Depot  
  68  5:14  Supply Depot, SCV  
  69  5:17  SCV  
  70  5:28  Marine  
  69  5:34  Marine x3, Marauder, SCV x2  
  77  5:39  Command Center  
  70  5:55  Barracks Reactor, Barracks Tech Lab, Terran Infantry Weapons Level 1  
  63  5:58  SCV x2  
  63  6:01  Medivac x2  
  63  6:03  Supply Depot x2  
  69  6:04  Marine x4, Marauder  
  69  6:08  Widow Mine  
  69  6:10  SCV  
  78  6:11  SCV  
  78  6:17  Combat Shields  
  79  6:21  Supply Depot x2  
  79  6:22  SCV  
  79  6:23  SCV  
  81  6:31  Marine x5  
  81  6:32  Marine x2, Marauder  
  90  6:36  SCV x2  
  92  6:40  Medivac x2  
  92  6:44  Widow Mine  
  98  6:48  SCV x2  
  98  6:50  Missile Turret  
  100  6:55  Refinery  
  100  6:57  Concussive Shells  
  100  7:00  SCV x2  
  102  7:05  Orbital Command  
  102  7:07  Marine x2, Marauder  
  102  7:08  Marine x5  
  106  7:21  SCV, Medivac x2  
  106  7:22  Widow Mine, SCV  
  112  7:41  SCV x2  
  112  7:42  SCV  
  112  7:43  Marine x4, Marauder, Barracks x3  
  112  7:44  Marine x2, Marauder  
  125  7:49  Terran Infantry Armor Level 1  
  125  7:50  Widow Mine  
  127  8:01  Marine x6  
  133  8:07  Supply Depot x2  
  133  8:09  Marauder x2, Supply Depot, Medivac x2  
  141  8:16  Armory, Engineering Bay  
  141  8:17  Supply Depot  
  141  8:28  SCV  
  141  8:32  Liberator x2  
  141  8:39  Marine x4, Barracks Reactor, Marauder x2, Barracks Tech Lab x2  
  149  8:41  Marine x2  
  149  8:45  Widow Mine  
  153  8:48  Command Center  
  158  9:13  Marine x6, Marauder x4  
Show
View Real Time Build Order
Export as new Build Order

Bowman Protoss 

Build Orders: 1 Gate Expand, Oracle Opening, Phoenix Opening 

Get SALT Encoding   

  12  0:01  Probe (Chrono Boost)  
  13  0:11  Probe (Chrono Boost)  
  14  0:18  Pylon  
  14  0:22  Probe (Chrono Boost)  
  15  0:36  Probe (Chrono Boost)  
  15  0:41  Gateway  
  16  0:44  Assimilator  
  16  0:46  Probe (Chrono Boost)  
  17  0:57  Probe (Chrono Boost)  
  17  0:58  Assimilator  
  18  1:08  Probe (Chrono Boost)  
  19  1:18  Probe (Chrono Boost)  
  20  1:27  Nexus  
  20  1:29  Probe (Chrono Boost)  
  21  1:39  Cybernetics Core  
  21  1:42  Probe (Chrono Boost)  
  22  1:49  Pylon  
  22  1:53  Probe (Chrono Boost)  
  23  2:07  Probe (Chrono Boost)  
  24  2:15  Stalker (Chrono Boost)  
  26  2:16  Warp Gate  
  26  2:17  Probe  
  27  2:26  Stargate  
  28  2:30  Probe (Chrono Boost)  
  28  2:40  Probe (Chrono Boost)  
  28  2:41  Probe (Chrono Boost)  
  28  2:42  Stalker  
  33  2:51  Probe (Chrono Boost)  
  33  2:52  Probe (Chrono Boost)  
  34  3:01  Probe (Chrono Boost)  
  34  3:02  Assimilator, Probe (Chrono Boost)  
  36  3:09  Oracle (Chrono Boost)  
  36  3:10  Probe  
  40  3:19  Probe  
  41  3:21  Pylon, Probe  
  42  3:31  Probe x2  
  42  3:34  Robotics Facility  
  46  3:41  Phoenix (Chrono Boost)  
  46  3:42  Probe  
  46  3:43  Probe  
  48  3:49  Assimilator  
  48  3:52  Probe  
  49  3:55  Probe  
  49  3:59  Twilight Council  
  49  4:00  Forge  
  50  4:03  Probe  
  50  4:08  Probe  
  50  4:09  Gateway  
  52  4:10  Gateway  
  52  4:14  Pylon, Probe  
  53  4:22  Observer (Chrono Boost)  
  54  4:31  Phoenix (Chrono Boost)  
  54  4:32  Probe  
  54  4:33  Probe  
  58  4:45  Mothership Core  
  60  4:46  Pylon  
  60  4:51  Probe  
  59  5:04  Immortal (Chrono Boost), Adept  
  63  5:10  Pylon  
  63  5:13  Pylon  
  62  5:22  Adept x2  
  63  5:34  Adept  
  63  5:43  Adept x2  
  60  5:54  Probe (Chrono Boost)  
  59  5:59  Probe (Chrono Boost)  
  60  6:05  Zealot, Sentry x2  
  60  6:11  Immortal, Forge  
  70  6:12  Forge  
  70  6:17  Pylon  
  70  6:19  Pylon  
  70  6:23  Nexus  
  70  6:24  Pylon  
  70  6:28  Gateway  
  70  6:31  Gateway  
  70  6:33  Twilight Council  
  70  6:35  Probe x2 (Chrono Boost)  
  72  6:44  Protoss Ground Armor Level 1 (Chrono Boost), Protoss Ground Weapons Level 1 (Chrono Boost)  
  72  6:45  Probe x2 (Chrono Boost)  
  75  6:54  Observer  
  75  6:57  Probe  
  75  6:58  Mothership Core  
  75  6:59  Phoenix  
  80  7:01  Sentry, Adept  
  80  7:02  Adept  
  86  7:15  Probe  
  83  7:19  Probe  
  84  7:27  Probe  
  85  7:31  Adept x2, Probe  
  85  7:36  Immortal  
  94  7:39  Probe x2  
  94  7:43  Probe  
  97  7:46  Resonating Glaives  
  97  7:47  Dark Shrine  
  97  7:50  Probe  
  97  7:51  Probe  
  97  7:55  Probe  
  100  8:00  Probe  
  100  8:03  Probe  
  100  8:04  Assimilator x2, Sentry, Adept x2  
  108  8:08  Probe  
  108  8:10  Pylon  
  108  8:11  Pylon  
  109  8:28  Warp Prism (Chrono Boost)  
  109  8:32  Adept x3  
  116  8:34  Adept x2  
  120  8:48  Phoenix  
  122  8:57  Pylon  
  122  8:58  Pylon  
  122  8:59  Observer (Chrono Boost)  
  122  9:00  Pylon  
  123  9:06  Dark Templar  
  113  9:20  Adept x3  
  104  9:36  Nexus  
Tags
 
Add a new tag
Caveats
  • Supply blocks, unpowered buildings, or Contaminate may cause inaccurate times.
  • Supply counts are checked every 10 seconds.